 Dungeon Crawl Stone Soup version 0.20.1-1-g8b1a95d (webtiles) character file.

102039 Irenicus the Spry (level 15, -5/132 HPs)
             Began as a Deep Dwarf Chaos Knight on Oct 10, 2017.
             Killed from afar by a deep elf knight (29 damage)
             ... with a shard of ice
             ... on level 2 of the Elven Halls.
             The game lasted 02:30:02 (24119 turns).

Irenicus the Spry (Deep Dwarf Chaos Knight)        Turns: 24119, Time: 02:30:03

Health: -5/132     AC:  9    Str: 27    XL:     15   Next: 85%
Magic:  14/14      EV: 27    Int: 15    God:    Xom [..*...]
Gold:   2021       SH:  9    Dex: 19    Spells: 4/18 levels left

rFire    + + .     SeeInvis .   a - +7 falchion (vamp)
rCold    + + .     Gourm    .   g - +0 buckler {reflect}
rNeg     + + .     Faith    .   v - +0 steam dragon scales
rPois    .         Spirit   .   (helmet restricted)
rElec    .         Reflect  +   V - +0 cloak
rCorr    .         Harm     .   d - +2 pair of gloves {Str+3}
MR       ++...                  (no boots)
Stlth    +++++++...             Y - +3 amulet of reflection
Regen    0.0/turn               I - ring of positive energy
MPRegen  0.2/turn               B - ring of protection from cold

@: mighty, non-regenerating
A: damage resistance, heal wounds, hooves 1, horns 2, thin skeletal structure 1,
camouflage 2, clever 1, cold resistance 1, fire resistance 2, high mp 1,
negative energy resistance 1, sense surroundings 2, strong 1, sturdy frame 1, no
regeneration
a: Heal Wounds, Renounce Religion


You were on level 2 of the Elven Halls.
You worshipped Xom.
You were a toy of Xom.
You were hungry.

You visited 4 branches of the dungeon, and saw 25 of its levels.
You also visited: Labyrinth and Ice Cave.

You collected 3045 gold pieces.
You spent 1024 gold pieces at shops.

Inventory:

Hand Weapons
 a - a +7 vampiric falchion (weapon)
 r - the +6 double sword of Charity {elec, rElec rF+ MR+ Dex+2}
   (You bought it in a shop on level 13 of the Dungeon)

   Occasionally, upon striking a foe, it will discharge some electrical energy
   and cause terrible harm.
   It affects your dexterity (+2).
   It protects you from fire.
   It insulates you from electricity.
   It affects your resistance to hostile enchantments.
 D - a +2 long sword of protection
 L - a +3 long sword of freezing
Armour
 d - a +2 pair of gloves of strength (worn)
 g - a +0 buckler of reflection (worn)
 v - +0 steam dragon scales (worn)
 y - a +1 leather armour of cold resistance
 T - a +0 leather armour of positive energy
 V - a +0 cloak (worn)
Jewellery
 f - an uncursed ring of magical power
 o - an uncursed amulet of the gourmand
 p - an uncursed ring of see invisible
 B - a ring of protection from cold (right hand)
 I - a ring of positive energy (left hand)
 M - an uncursed ring of protection from cold
 P - an uncursed ring of protection from magic
 S - the ring "Yhedoquh" {*Slow MR+++ Str-5 SInv Stlth+}
   (You found it in a labyrinth)

   [ring of see invisible]

   It affects your strength (-5).
   It affects your resistance to hostile enchantments.
   It lets you see invisible.
   It may slow you when you take damage.
   It makes you more stealthy.
 Y - a +3 amulet of reflection (around neck)
Wands
 l - a wand of scattershot (6/9)
 A - a wand of random effects (11/48)
 C - a wand of polymorph (13/24)
 F - a wand of digging (15/24)
 Q - a wand of acid (0/15)
 R - a wand of acid (3/15)
 W - a wand of confusion (33/48)
 Z - a wand of lightning (9/15)
Scrolls
 b - 2 scrolls of acquirement
 h - 14 scrolls of identify
 i - 3 scrolls of blinking
 j - 3 scrolls of immolation
 m - 4 scrolls of fog
 n - 5 scrolls of amnesia
 s - 2 scrolls of fear
 u - 8 scrolls of teleportation
 w - 2 scrolls of recharging
 x - 7 scrolls of remove curse
 E - 3 scrolls of silence
 H - 2 scrolls of magic mapping
Potions
 e - 5 potions of haste
 t - 2 potions of agility
 z - 4 potions of lignification
 J - 5 potions of flight
 K - a potion of resistance
 N - 3 potions of might
 O - 3 potions of curing
 U - 2 potions of magic
 X - a potion of heal wounds
Miscellaneous
 G - a lightning rod (4/4)
Comestibles
 c - 14 bread rations
 k - 17 royal jellies
 q - 13 meat rations


   Skills:
 - Level 8.1 Fighting
 - Level 17.0 Long Blades
 - Level 2.1 Armour
 + Level 17.3 Dodging
 + Level 10.2 Stealth
 - Level 5.8 Shields
 - Level 2.0 Spellcasting
 - Level 10.1 Necromancy
 - Level 1.3 Evocations


You had 4 spell levels left.
You knew the following spells:

 Your Spells              Type           Power        Failure   Level  Hunger
a - Blink                 Tloc           N/A          32%         2    ###....
b - Vampiric Draining     Necr           ####......   1%          3    ###....
c - Control Undead        Necr           ####......   3%          4    #####..
d - Dispel Undead         Necr           ####....     10%         5    ######.


Dungeon Overview and Level Annotations

Branches:
Dungeon (15/15)            Temple (0/1) D:4            Lair (6/6) D:9
 Shoals (0/4) Lair:4        Snake (0/4) Lair:4        Slime (0/5) Lair:6
    Orc (2/2) D:9             Elf (2/3) Orc:2        Vaults (0/5) D:13
 Depths (0/5) D:15

Altars:
Dithmenos
Elyvilon
Fedhas
Gozag
Kikubaaqudgha
Makhleb
Nemelex Xobeh
Qazlal
Vehumet
Xom
Zin
Beogh
Jiyva

Shops:
D:13 ![*(*   Orc:1 :   Orc:2 ?*(?*   Elf:2 ?

Annotations:
D:8 exclusions: centaur and 2 more exclusions
D:15 exclusion: necromancer
Elf:2 2 runed doors


Innate Abilities, Weirdness & Mutations

You are resistant to damage.
You can heal yourself by infusing magical energy.
You resist negative energy. (rN+)
You passively map the area around you.
You do not regenerate.
You have large cloven feet.
You have a pair of horns on your head.
You have a somewhat thin skeletal structure. (Dex +2, Stealth)
Your skin blends seamlessly with your surroundings (Stealth++).
Your mind is acute. (Int +2)
Your flesh is cold resistant. (rC+)
Your flesh is very heat resistant. (rF++)
You have an increased reservoir of magic. (+10% MP)
Your muscles are strong. (Str +2)
Your movements are slightly less encumbered by armour. (ER -2)


Message History

The dire flail of protection is severely damaged.
You slash the dire flail of protection!
Your kick misses the dire flail of protection.
The dire flail of protection is almost destroyed.
You block the dire flail of protection's attack.
You closely miss the dire flail of protection.
You headbutt the dire flail of protection.
The dire flail of protection falls from the air.
You see here a dire flail of protection.
You open the door.
Found a great sword.
A deep elf mage comes into view. It is wielding a short sword.
There is an open door here.
Found 21 gold pieces.
The deep elf archer shouts!
The deep elf mage shouts!
The deep elf knight shouts!
The deep elf knight points at you and mumbles some strange words.
The shard of ice hits you! You partially resist.
You die...
Xom howls with laughter!

###....####+####..# ,
,
..'............)..#*
, ,
..'...............#**
, ,
###......########.# ,
######'# ###'# , #.#
##...#* , * #.#
##....# * ,
########.####.....# *
, ,
............+...@)# *
,,, ,
#######.....+.....#
,, ,, #.#####.....# ,
#.# #..e..# , , ,,
#.# #.$.e.# , , #.#
#.....# , ,,,
#.#####e....# ,
#.....+...e.# , ,,
#.....+.....#* , ,


You could see a deep elf death mage (wandering), a deep elf archer, a deep elf
knight and a deep elf mage.

Vanquished Creatures
  A frost giant (IceCv)
  A ghost moth (D:14)
  A minotaur (Lab)
  Josephine (Lair:6)
  2 hydras
  3 vault guards (D:13)
  3 catoblepae (Lair:6)
  Fannar (Lair:2)
  A centaur warrior (D:13)
  3 two-headed ogres
  3 orc high priests (Orc:2)
  A queen ant (D:13)
  9 death yaks
  9 dancing weapons
  The ghost of Frank the Carver, a novice OpFi of Gozag (D:9)
  The ghost of Asgaroth the Grappler, a journeyman VSGl of Elyvilon (Lair:1)
  4 deep elf knights (Elf:1)
  A skeletal warrior (D:15)
  A fire crab (shapeshifter) (Elf:1)
  An unseen horror (shapeshifter) (Elf:2)
  An unseen horror (D:13)
  A glowing orange brain (Lair:4)
  5 deep elf archers
  A wolf spider zombie (D:15)
  6 orc knights
  25 deep elf magi
  A harpy (IceCv)
  4 orc sorcerers (Orc:2)
  2 ugly things (D:13)
  5 cyclopes
  2 manticores (Lair:6)
  A spriggan zombie (D:15)
  8 elephants
  Joseph (D:10)
  2 merfolk sirens (Lair:4)
  Maurice (D:10)
  2 guardian serpents
  An ice statue (IceCv)
  11 spiny frogs
  10 rime drakes
  A centaur skeleton (D:14)
  4 komodo dragons
  2 trolls
  2 ice devils (D:11)
  2 merfolk
  7 polar bears (IceCv)
  Prince Ribbit (D:6)
  3 hornets
  11 hippogriffs
  A hornet (shapeshifter) (D:13)
  8 blink frogs
  2 water elementals (Elf:1)
  A shadow (D:12)
  83 yaks
  An ettin skeleton (D:15)
  4 spriggans (Lair:2)
  4 basilisks
  2 wyverns
  5 wraiths
  2 vampire mosquitoes (D:14)
  A golden eye (D:11)
  2 hungry ghosts
  Grum (Lair:1)
  4 wargs
  7 steam dragons
  A soldier ant (D:13)
  9 porcupines
  9 water moccasins
  3 ice beasts
  14 orc warriors
  2 sky beasts
  A black bear (shapeshifter) (D:11)
  A necrophage (D:13)
  2 phantoms
  13 ogres
  A black bear (D:10)
  24 wolves
  2 centaurs
  A crocodile (shapeshifter) (Elf:1)
  6 crocodiles
  2 big kobolds (D:9)
  13 bullfrogs
  3 earth elementals
  3 killer bees (D:10)
  6 scorpions
  3 electric eels
  4 howler monkeys
  3 crimson imps
  A bullfrog zombie (D:8)
  3 centaur zombies
  10 hounds
  4 quasits
  4 jellies
  12 orc priests
  15 orc wizards
  2 bullfrog skeletons
  6 iguanas
  5 worker ants
  A hound zombie (D:10)
  A hound skeleton (D:6)
  A gnoll (D:7)
  11 adders
  A howler monkey skeleton (D:4)
  4 shadow imps
  3 oozes
  An adder skeleton (D:5)
  A worm (D:3)
  A dart slug (D:1)
  4 leopard geckos
  48 orcs
  A ball python (D:1)
  11 bats
  6 giant cockroaches
  8 goblins
  4 hobgoblins
  7 jackals
  A quokka (D:2)
  4 frilled lizards
  10 kobolds
  A leopard gecko skeleton (D:5)
  2 quokka zombies (D:5)
  6 rats
625 creatures vanquished.

Vanquished Creatures (collateral kills)
  A fire dragon (Lair:6)
  A hydra (D:11)
  A deep elf knight (Elf:1)
  A flayed ghost (D:15)
  A deep elf mage (Elf:1)
  A spiny frog (Lair:3)
  A wraith (Lair:6)
  2 water elementals
  An ice beast (D:11)
  2 sky beasts (D:5)
  A bullfrog (D:6)
  2 electric eels (D:11)
  A gnoll shaman (D:7)
  2 orc wizards (Orc:2)
  4 gnolls (D:7)
22 creatures vanquished.

Vanquished Creatures (others)
  A dancing weapon (Elf:1)
  2 deep elf archers (Elf:1)
  A deep elf mage (Elf:1)
  2 polar bears (IceCv)
  7 yaks
  A warg (Orc:2)
  An orc warrior (Orc:2)
  A phantom (D:4)
  An ogre (D:9)
  2 wolves (IceCv)
  An iguana (D:4)
  An orc wizard (D:4)
  5 orcs (Orc:2)
  A jackal skeleton (D:7)
  A leopard gecko skeleton (D:7)
  2 fungi (Lair:3)
  2 plants (Lair:6)
32 creatures vanquished.

Grand Total: 679 creatures vanquished

Notes
Turn   | Place    | Note
-------+----------+-------------------------------------------
     0 | D:1      | Irenicus the Deep Dwarf Chaos Knight began the quest for the Orb.
     0 | D:1      | Reached XP level 1. HP: 20/20 MP: 1/1
   306 | D:1      | Reached XP level 2. HP: 27/27 MP: 2/2
   705 | D:1      | XOM: divination: detect creatures
   714 | D:1      | XOM: harmless Chrm miscast
   800 | D:2      | XOM: harmless Pois miscast
   815 | D:2      | Reached XP level 3. HP: 30/34 MP: 3/3
  1102 | D:2      | XOM: enchant monster (bad)
  1174 | D:2      | XOM: polymorph worm -> hound
  1177 | D:2      | Reached skill level 5 in Long Blades
  1177 | D:2      | Reached XP level 4. HP: 32/42 MP: 4/4
  1292 | D:3      | Found a radiant altar of Vehumet.
  1292 | D:3      | Found a blossoming altar of Fedhas.
  1292 | D:3      | Found a stormy altar of Qazlal.
  1292 | D:3      | Found a white marble altar of Elyvilon.
  1478 | D:3      | XOM: harmless Tloc miscast
  1929 | D:4      | XOM: cast spell 'Summon Butterflies'
  1939 | D:4      | Reached XP level 5. HP: 36/49 MP: 5/5
  2074 | D:4      | Found a staircase to the Ecumenical Temple.
  2169 | D:4      | Found a shadowy altar of Dithmenos.
  2176 | D:4      | XOM: cleaving
  2182 | D:4      | XOM: divine lightning
  2190 | D:4      | Reached XP level 6. HP: 19/56 MP: 6/6
  2227 | D:4      | XOM: scenery: create altars
  2286 | D:4      | XOM: divine lightning
  3113 | D:5      | Entered Level 5 of the Dungeon
  3256 | D:5      | XOM: harmless Tloc miscast
  3387 | D:5      | Found a glowing silver altar of Zin.
  3387 | D:5      | Found an opulent altar of Gozag.
  3415 | D:5      | Noticed a sky beast
  3417 | D:5      | Noticed a sky beast
  3420 | D:5      | Killed a sky beast
  3420 | D:5      | Reached XP level 7. HP: 41/62 MP: 7/7
  3431 | D:5      | Gained mutation: You are agile. (Dex +2) [mutagenic meat]
  3432 | D:5      | Gained mutation: Your mind is acute. (Int +2) [mutagenic meat]
  3433 | D:5      | Lost mutation: Your mind is acute. (Int +2) [mutagenic meat]
  3434 | D:5      | Gained mutation: Your mind is acute. (Int +2) [mutagenic meat]
  3435 | D:5      | Gained mutation: You tend to lose your temper in combat. [mutagenic meat]
  3473 | D:5      | Got a citrine-encrusted ring mail
  3484 | D:5      | Identified the +2 ring mail of the Ward {rF- Str+3} (You found it on level 5 of the Dungeon)
  3570 | D:5      | XOM: scenery: create altars
  3790 | D:6      | XOM: summons 7 friendly demons
  3797 | D:6      | Noticed Prince Ribbit
  3805 | D:6      | XOM: divination: detect creatures
  3827 | D:6      | Killed Prince Ribbit
  3827 | D:6      | Reached skill level 1 in Evocations
  3903 | D:6      | Reached XP level 8. HP: 13/69 MP: 9/9
  3940 | D:6      | Learned a level 2 spell: Blink
  3962 | D:6      | XOM: give mutations
  3962 | D:6      | Gained mutation: You are very agile. (Dex +4) [Xom's grace]
  3962 | D:6      | Gained mutation: Your movements are slightly less encumbered by armour. (ER -2) [Xom's grace]
  3962 | D:6      | Gained mutation: You have an increased reservoir of magic. (+10% MP) [Xom's grace]
  4031 | D:6      | Learned a level 3 spell: Vampiric Draining
  4148 | D:6      | XOM: cloud trail
  4151 | D:6      | Found a sparkling altar of Nemelex Xobeh.
  4186 | D:6      | Reached skill level 10 in Long Blades
  4232 | D:6      | XOM: god gift: lightning rod (4/4)
  4249 | D:6      | Found an ancient bone altar of Kikubaaqudgha.
  4344 | D:6      | XOM: enchant monster (good)
  4365 | D:6      | Reached skill level 1 in Necromancy
  4468 | D:7      | Reached skill level 1 in Spellcasting
  4553 | D:7      | XOM: god gift: 3 meat rations
  4935 | D:7      | XOM: scenery: create altars
  5208 | D:7      | XOM: summons 3 hostile demons
  5243 | D:7      | XOM: give mutations
  5243 | D:7      | Gained mutation: You have supernaturally acute eyesight. (SInv) [Xom's grace]
  5243 | D:7      | Gained mutation: You are partially covered in rugged brown scales. (AC +1, +3% HP) [Xom's grace]
  5243 | D:7      | Gained mutation: Your skin changes colour to match your surroundings (Stealth+). [Xom's grace]
  5243 | D:7      | Gained mutation: You have a pair of small horns on your head. [Xom's grace]
  5419 | D:7      | Reached skill level 5 in Necromancy
  5779 | D:6      | XOM: medium Conj miscast
  5871 | D:8      | Found a burning altar of Makhleb.
  5872 | D:8      | Found a shimmering altar of Xom.
  5882 | D:8      | Reached skill level 1 in Shields
  5907 | D:8      | Gained mutation: You passively map the area around you. [Deep Dwarf growth]
  5907 | D:8      | Reached XP level 9. HP: 32/77 MP: 2/12
  5989 | D:8      | XOM: cleaving
  6060 | D:8      | XOM: medium Tmut miscast
  6166 | D:8      | Noticed a two-headed ogre
  6221 | D:8      | XOM: divination: detect creatures
  6223 | D:8      | XOM: divination: magic mapping
  6224 | D:8      | Killed a two-headed ogre
  6224 | D:8      | Reached skill level 5 in Shields
  6308 | D:8      | XOM: cloud trail
  6366 | D:8      | Found a white marble altar of Elyvilon.
  6505 | D:8      | Reached skill level 5 in Stealth
  6593 | D:8      | XOM: harmless Necr miscast
  6814 | D:8      | XOM: god gift: meat ration
  6839 | D:8      | XOM: noise
  7185 | D:9      | Found a staircase to the Lair.
  7186 | D:9      | Noticed an elephant
  7201 | D:9      | XOM: blink monster(s)
  7220 | D:9      | Reached XP level 10. HP: 81/86 MP: 3/13
  7250 | D:9      | XOM: enchant monster (bad)
  7253 | D:9      | Killed an elephant
  7253 | D:9      | Reached skill level 5 in Dodging
  7393 | D:9      | Found a staircase to the Orcish Mines.
  7414 | D:9      | XOM: summons friendly ufetubus
  7460 | D:9      | Noticed Frank's ghost (novice OpFi)
  7472 | D:9      | Killed Frank's ghost
  7681 | D:9      | XOM: god gift: leather armour {god gift}
  7713 | D:9      | XOM: harmless Fire miscast
  7762 | D:10     | Entered Level 10 of the Dungeon
  7766 | D:10     | XOM: cast spell 'Discord'
  7782 | D:10     | Noticed a guardian serpent
  7784 | D:10     | XOM: fog
  7850 | D:10     | XOM: confuse monster(s)
  7916 | D:10     | XOM: polymorph killer bee -> ooze
  7974 | D:10     | XOM: 2-stop teleportation journey
  8042 | D:10     | XOM: swap monsters
  8044 | D:10     | XOM: confuse monster(s)
  8106 | D:10     | XOM: 1-stop teleportation journey
  8107 | D:10     | XOM: 11-stop teleportation journey
  8212 | D:10     | Noticed Maurice
  8225 | D:10     | Killed Maurice
  8230 | D:10     | XOM: enchant monster (bad)
  8262 | D:10     | XOM: 1-stop teleportation journey
  8415 | D:10     | Noticed a two-headed ogre
  8423 | D:10     | Noticed Joseph
  8424 | D:10     | XOM: confusion (+ monsters)
  8432 | D:10     | XOM: stat loss: -1 Str (18/19)
  8440 | D:10     | Killed a two-headed ogre
  8441 | D:10     | XOM: divination: magic mapping
  8458 | D:10     | Killed Joseph
  8458 | D:10     | Reached XP level 11. HP: 46/92 MP: 3/14
  8543 | D:10     | XOM: swap monsters
  8731 | D:10     | XOM: stat loss: -1 Str (18/19)
  8811 | D:10     | Noticed a two-headed ogre
  8827 | D:10     | Killed a two-headed ogre
  9087 | D:11     | XOM: noise
  9089 | D:11     | XOM: polymorph ogre -> golden eye
  9226 | D:11     | Found a frozen archway.
  9252 | D:11     | XOM: confusion
  9284 | IceCv    | Entered an ice cave
  9357 | IceCv    | XOM: draining
  9451 | IceCv    | XOM: give mutations
  9451 | IceCv    | Gained mutation: You have a somewhat thin skeletal structure. (Dex +2, Stealth) [Xom's mischief]
  9451 | IceCv    | Lost mutation: You have an increased reservoir of magic. (+10% MP) [Xom's mischief]
  9451 | IceCv    | Lost mutation: You have supernaturally acute eyesight. (SInv) [Xom's mischief]
  9497 | IceCv    | XOM: 2-stop teleportation journey
  9524 | IceCv    | XOM: 3-stop teleportation journey
  9673 | IceCv    | XOM: confusion
  9700 | IceCv    | Got a warped lajatang
  9747 | IceCv    | Identified the +7 lajatang of the End of Times {speed, +Rage rPois rC+} (You found it in an ice cave)
  9968 | IceCv    | XOM: stat loss: -1 Str (18/19)
 10240 | IceCv    | XOM: polymorph polar bear -> hornet
 10306 | IceCv    | Reached skill level 5 in Fighting
 10306 | IceCv    | XOM: harmless Conj miscast
 10336 | IceCv    | XOM: cast spell 'Cause Fear'
 10365 | IceCv    | Reached XP level 12. HP: 21/106 MP: 1/14
 10417 | IceCv    | XOM: 1-stop teleportation journey
 10566 | IceCv    | XOM: god gift: 25 stones
 10596 | IceCv    | XOM: 3-stop teleportation journey
 10597 | IceCv    | Noticed a death yak
 10597 | IceCv    | Noticed a frost giant
 10811 | IceCv    | XOM: swap monsters
 10811 | IceCv    | Noticed a death yak
 10836 | IceCv    | XOM: summons 6 hostile demons
 10987 | IceCv    | XOM: harmless Hex miscast
 10994 | IceCv    | XOM: polymorph polar bear -> hippogriff
 10999 | IceCv    | XOM: fog
 11080 | IceCv    | XOM: scenery: create altars
 11088 | IceCv    | XOM: fog
 11102 | IceCv    | XOM: polymorph yak -> harpy
 11115 | IceCv    | XOM: god gift: 13 royal jellies
 11132 | IceCv    | Killed a death yak
 11344 | IceCv    | Killed a death yak
 11436 | IceCv    | XOM: cleaving
 11447 | IceCv    | Killed a frost giant
 11462 | IceCv    | XOM: give mutations
 11462 | IceCv    | Gained mutation: Your skin blends seamlessly with your surroundings (Stealth++). [Xom's grace]
 11462 | IceCv    | Gained mutation: Your flesh is heat resistant. (rF+) [Xom's grace]
 11462 | IceCv    | Gained mutation: You have a pair of horns on your head. [Xom's grace]
 11482 | IceCv    | Identified the Papyrus of Attacks and the Traveller
 11678 | D:11     | Noticed a five-headed hydra
 11681 | D:11     | XOM: cast spell 'Summon Dragon'
 11684 | D:11     | Killed a five-headed hydra
 11754 | D:11     | Found a shimmering altar of Xom.
 11754 | D:11     | Found a shimmering altar of Xom.
 11754 | D:11     | Found a shimmering altar of Xom.
 12172 | D:12     | XOM: enchant monster (good)
 12183 | D:12     | XOM: summons friendly crimson imp
 12184 | D:12     | XOM: scenery: 1 doors close
 12419 | D:12     | XOM: cast spell 'Alistair's Intoxication'
 12423 | D:12     | XOM: scenery: 1 doors close
 12430 | D:12     | Reached skill level 10 in Dodging
 12430 | D:12     | XOM: divine lightning
 12434 | D:12     | XOM: god gift: ring of magical power {god gift}
 12483 | D:12     | Identified a scroll of acquirement
 12506 | D:12     | XOM: scenery: 1 doors open, 1 doors close
 12720 | D:13     | Found Vyof's Assorted Antiques.
 12764 | D:13     | XOM: 3-stop teleportation journey
 12776 | D:13     | XOM: god gift: chain mail {god gift}
 12887 | D:13     | Lost mutation: You are very agile. (Dex +4) [mutagenic meat]
 12991 | D:13     | Found Toinic's Antique Weapon Shop.
 12992 | D:13     | Found Zujol's Assorted Antiques.
 13000 | D:13     | Bought a bloodstained double sword for 660 gold pieces
 13002 | D:13     | Identified the +6 double sword of Charity {elec, rElec rF+ MR+ Dex+2} (You bought it in a shop on level 13 of the Dungeon)
 13015 | D:13     | Found a gate to the Vaults.
 13015 | D:13     | Noticed a vault guard
 13015 | D:13     | Noticed a vault guard
 13015 | D:13     | Noticed a vault guard
 13043 | D:13     | XOM: scenery: create altars
 13051 | D:13     | Killed a vault guard
 13062 | D:13     | Noticed a vault guard
 13074 | D:13     | Noticed a queen ant
 13074 | D:13     | a vault guard changed into a queen ant
 13074 | D:13     | XOM: polymorph vault guard -> queen ant
 13076 | D:13     | XOM: potion effect (brilliance)
 13084 | D:13     | Killed a queen ant
 13085 | D:13     | Killed a vault guard
 13085 | D:13     | Reached XP level 13. HP: 88/120 MP: 2/14
 13108 | D:13     | Reached skill level 15 in Long Blades
 13120 | D:13     | Learned a level 4 spell: Control Undead
 13167 | D:13     | XOM: divination: detect creatures
 13205 | D:13     | Found Ethroixze's Distillery.
 13210 | D:13     | Bought a potion of heal wounds for 70 gold pieces
 13210 | D:13     | Bought a potion of heal wounds for 70 gold pieces
 13210 | D:13     | Bought a potion of agility for 56 gold pieces
 13210 | D:13     | Bought 2 potions of curing for 84 gold pieces
 13212 | D:13     | Bought a potion of curing for 42 gold pieces
 13212 | D:13     | Bought a potion of curing for 42 gold pieces
 13216 | D:13     | XOM: divination: detect creatures
 13258 | D:13     | Found Meloekk's Armour Shoppe.
 13350 | D:13     | XOM: divination: detect creatures
 13388 | D:13     | XOM: god gift: runed shortbow {god gift}
 13405 | D:13     | XOM: medium Tmut miscast
 13466 | D:14     | Found a labyrinth entrance.
 13561 | Lab      | Entered a labyrinth
 13888 | Lab      | XOM: mild Ice miscast
 13889 | Lab      | XOM: god gift: potion of heal wounds
 13917 | Lab      | XOM: 3-stop teleportation journey
 14220 | Lab      | XOM: god gift: transparent lajatang {god gift}
 14221 | Lab      | Got a transparent lajatang {god gift}
 14243 | Lab      | Noticed a minotaur
 14248 | Lab      | Killed a minotaur
 14254 | Lab      | Got a wavering brass ring
 14256 | Lab      | Identified the ring "Yhedoquh" {*Slow MR+++ Str-5 SInv Stlth+} (You found it in a labyrinth)
 14264 | Lab      | Identified the +1 lajatang of Gokor {antimagic, Str+2} (Xom gifted it to you in a labyrinth)
 14268 | Lab      | XOM: divination: detect items
 14496 | D:14     | XOM: cast spell 'Summon Butterflies'
 14572 | D:14     | XOM: summons 4 hostile demons
 14724 | D:14     | XOM: 7-stop teleportation journey
 14907 | D:14     | XOM: give mutations
 14907 | D:14     | Gained mutation: You are very agile. (Dex +4) [Xom's grace]
 14907 | D:14     | Gained mutation: Your muscles are strong. (Str +2) [Xom's grace]
 14907 | D:14     | Gained mutation: You have an increased reservoir of magic. (+10% MP) [Xom's grace]
 14907 | D:14     | Gained mutation: Your spells are a little harder to cast, but a little more powerful. [Xom's grace]
 14955 | D:14     | XOM: god gift: chain mail {god gift}
 14959 | D:14     | XOM: mild Air miscast
 15021 | D:14     | XOM: divination: magic mapping
 15052 | D:15     | Entered Level 15 of the Dungeon
 15058 | D:15     | XOM: summons friendly crimson imp
 15061 | D:15     | XOM: polymorph brown ugly thing -> something unseen
 15070 | D:14     | Noticed a ghost moth
 15072 | D:14     | XOM: cast spell 'Ring of Flames'
 15073 | D:14     | XOM: enchant monster (good)
 15074 | D:14     | Killed a ghost moth
 15076 | D:14     | XOM: harmless Fire miscast
 15118 | D:14     | XOM: harmless Fire miscast
 15196 | D:15     | Found a staircase to the Depths.
 15205 | D:15     | XOM: enchant monster (good)
 15259 | D:14     | XOM: cloud trail
 15265 | D:15     | XOM: 6-stop teleportation journey
 15289 | D:15     | XOM: cast spell 'Summon Hydra'
 15388 | D:15     | XOM: scenery: create altars
 15561 | Orc:1    | Entered Level 1 of the Orcish Mines
 15594 | Orc:1    | XOM: god gift: runed triple sword {god gift}
 15620 | Orc:1    | XOM: scenery: create altars
 15625 | Orc:1    | XOM: fog
 15774 | Orc:1    | Found Tonin's Book Shop.
 15833 | Orc:1    | XOM: give mutation
 15833 | Orc:1    | Gained mutation: Your flesh is cold resistant. (rC+) [Xom's grace]
 16007 | Orc:2    | Entered Level 2 of the Orcish Mines
 16036 | Orc:2    | Found a roughly hewn altar of Beogh.
 16038 | Orc:2    | Found a staircase to the Elven Halls.
 16260 | Orc:2    | XOM: 2-stop teleportation journey
 16406 | Orc:2    | Found Duushex's General Store.
 16502 | Orc:2    | XOM: divine lightning
 16511 | Orc:2    | XOM: butterfly on damage
 16533 | Orc:2    | XOM: god gift: book of Death
 16621 | Orc:2    | XOM: scenery: create altars
 16629 | Orc:2    | XOM: butterfly on damage
 16650 | Orc:2    | XOM: fog
 16652 | Orc:2    | XOM: enchant monster (good)
 16654 | Orc:2    | XOM: destruction
 16750 | Orc:2    | Found Ahuh's Antique Weapon Boutique.
 16750 | Orc:2    | Found Nenkycox's Magic Scroll Emporium.
 16758 | Orc:2    | XOM: cleaving
 16769 | Orc:2    | Gained mutation: You resist negative energy. (rN+) [Deep Dwarf growth]
 16769 | Orc:2    | Reached XP level 14. HP: 26/129 MP: 13/13
 16772 | Orc:2    | Found Plog's Magic Scroll Boutique.
 16772 | Orc:2    | Found Kubress's General Store.
 16956 | Lair:1   | Entered Level 1 of the Lair of Beasts
 16995 | Lair:1   | XOM: confuse monster(s)
 17058 | Lair:1   | Noticed Asgaroth's ghost (journeyman VSGl)
 17058 | Lair:1   | XOM: 1-stop teleportation journey
 17084 | Lair:1   | XOM: mild Conj miscast
 17120 | Lair:1   | Noticed Grum
 17136 | Lair:1   | Killed Grum
 17188 | Lair:1   | Learned a level 5 spell: Dispel Undead
 17317 | Lair:1   | XOM: cast spell 'Ring of Flames'
 17320 | Lair:1   | Killed Asgaroth's ghost
 17361 | Lair:1   | XOM: summons 14 friendly demons
 17428 | Lair:1   | XOM: medium Summ miscast
 17701 | Lair:2   | Noticed Fannar
 17714 | Lair:2   | XOM: divination: magic mapping
 17741 | Lair:2   | Killed Fannar
 18077 | Lair:2   | Found a burning altar of Makhleb.
 18174 | Lair:2   | XOM: polymorph crocodile -> blink frog
 18179 | Lair:2   | XOM: enchant monster (bad)
 18434 | Lair:2   | XOM: medium Chrm miscast
 18546 | Lair:2   | XOM: give mutation
 18546 | Lair:2   | Lost mutation: You are partially covered in rugged brown scales. (AC +1, +3% HP) [Xom's mischief]
 18810 | Lair:3   | XOM: harmless Conj miscast
 18904 | Lair:3   | XOM: scenery: create altars
 18906 | Lair:3   | XOM: scenery: create altars
 18911 | Lair:3   | XOM: summons friendly neqoxec
 18912 | Lair:3   | XOM: scenery: create altars
 18918 | Lair:3   | HP: 5/125 [yak (11)]
 18962 | Lair:3   | XOM: scenery: create altars
 19056 | Lair:3   | XOM: scenery: 1 doors open, 1 doors close
 19478 | Lair:4   | Found a staircase to the Snake Pit.
 19492 | Lair:4   | XOM: severe Chrm miscast
 19492 | Lair:4   | Paralysed by the severe capriciousness of Xom for 2 turns
 19497 | Lair:4   | Found a staircase to the Shoals.
 19522 | Lair:4   | XOM: polymorph merfolk siren -> glowing orange brain
 19987 | Lair:4   | XOM is BORED!
 19987 | Lair:4   | XOM: mild Hex miscast
 20098 | Lair:5   | XOM: blink monster(s)
 20111 | Lair:5   | XOM: enchant monster (bad)
 20117 | Lair:5   | XOM: confuse monster(s)
 20354 | Lair:5   | XOM: 3-stop teleportation journey
 20375 | Lair:5   | XOM: give mutations
 20375 | Lair:5   | Gained mutation: You have large cloven feet. [Xom's grace]
 20375 | Lair:5   | Gained mutation: Your mind is very acute. (Int +4) [Xom's grace]
 20375 | Lair:5   | Gained mutation: Your flesh is very heat resistant. (rF++) [Xom's grace]
 20572 | Lair:5   | XOM: scenery: 2 doors open
 20747 | Lair:6   | Entered Level 6 of the Lair of Beasts
 20826 | Lair:6   | XOM: god gift: scroll of random uselessness
 20874 | Lair:6   | XOM: god gift: knobbly glowing staff {god gift}
 20876 | Lair:6   | XOM: silly message
 20895 | Lair:6   | XOM: potion effect (curing)
 20897 | Lair:6   | XOM: potion effect (agility)
 20984 | Lair:6   | XOM: harmless Pois miscast
 21006 | Lair:6   | Reached skill level 15 in Dodging
 21129 | Lair:6   | Found a viscous altar of Jiyva.
 21129 | Lair:6   | Found a staircase to the Slime Pits.
 21136 | Lair:6   | XOM: divination: detect creatures
 21153 | Lair:6   | Noticed Josephine
 21158 | Lair:6   | XOM: silly message
 21163 | Lair:6   | XOM: harmless Necr miscast
 21164 | Lair:6   | Killed Josephine
 21167 | Lair:6   | XOM: divination: detect items
 21186 | Lair:6   | XOM: divination: magic mapping
 21192 | Lair:6   | XOM: harmless Erth miscast
 21194 | Lair:6   | XOM: potion effect (curing)
 21288 | Lair:6   | XOM: confuse monster(s)
 21290 | Lair:6   | XOM: harmless Necr miscast
 21292 | Lair:6   | XOM: enchant monster (good)
 21298 | Lair:6   | XOM: confuse monster(s)
 21300 | Lair:6   | XOM: noise
 21311 | Lair:6   | XOM: polymorph yak -> guardian serpent
 21314 | Lair:6   | XOM: mild Fire miscast
 21318 | Lair:6   | XOM: potion effect (haste)
 21326 | Lair:6   | XOM: potion effect (agility)
 21354 | Lair:6   | XOM: blink monster(s)
 21362 | Lair:6   | XOM: 4-stop teleportation journey
 21377 | Lair:6   | Reached XP level 15. HP: 86/132 MP: 9/14
 21546 | Lair:6   | XOM: give mutations
 21546 | Lair:6   | Lost mutation: You tend to lose your temper in combat. [Xom's mischief]
 21546 | Lair:6   | Lost mutation: You are very agile. (Dex +4) [Xom's mischief]
 21546 | Lair:6   | Lost mutation: Your spells are a little harder to cast, but a little more powerful. [Xom's mischief]
 21546 | Lair:6   | Lost mutation: You are agile. (Dex +2) [Xom's mischief]
 21631 | Lair:6   | Got a dazzling war axe
 21750 | Lair:6   | XOM: divine lightning
 21767 | Lair:6   | XOM: potion effect (invisibility)
 21783 | Lair:6   | XOM: mild Erth miscast
 21785 | Lair:6   | XOM: give mutation
 21785 | Lair:6   | Lost mutation: Your mind is very acute. (Int +4) [Xom's mischief]
 21795 | Lair:6   | XOM: summons friendly ufetubus
 21835 | Lair:6   | XOM: polymorph ufetubus -> iron imp
 21844 | Lair:6   | XOM: confuse monster(s)
 21914 | Lair:6   | Reached skill level 10 in Necromancy
 21931 | Lair:6   | Got a pitted scale mail
 21942 | Lair:6   | Identified the +1 scale mail "Izxyonn" {rF++} (You found it on level 6 of the Lair of Beasts)
 22411 | Elf:1    | Entered Level 1 of the Elven Halls
 22537 | Elf:1    | Identified the +6 war axe of the Final Wonders {chop, Int+2} (You found it on level 6 of the Lair of Beasts)
 22568 | Elf:1    | XOM: divination: detect items
 22670 | Elf:1    | XOM: scenery: create altars
 22680 | Elf:1    | XOM: summons 7 friendly demons
 22692 | Elf:1    | XOM: cleaving
 22694 | Elf:1    | XOM: cleaving
 22695 | Elf:1    | XOM: fog
 22699 | Elf:1    | XOM: divine lightning
 22941 | Elf:1    | XOM: chaos upgrade
 23425 | Elf:1    | XOM: summons 1 hostile demon
 23474 | Elf:1    | XOM: noise
 23600 | Elf:2    | XOM: chaos upgrade
 23650 | Elf:1    | XOM: mild Hex miscast
 23696 | Elf:1    | XOM: summons 7 hostile demons
 23802 | Elf:2    | Found Dulak's Magic Scroll Emporium.
 23868 | Elf:2    | Found a runed gate.
 23868 | Elf:2    | Found a runed gate.
 23958 | Elf:2    | XOM: polymorph deep elf mage -> merfolk
 23974 | Elf:2    | Reached skill level 10 in Stealth
 24119 | Elf:2    | Killed from afar by a deep elf knight

Skill      XL: |  1  2  3  4  5  6  7  8  9 10 11 12 13 14 15 |
---------------+----------------------------------------------+-----
Fighting       | 3 5 8 |  8.1
Long Blades    | 5 6 7 9 10 12 14 17 | 17.0
Evocations     | 1 |  1.3
Necromancy     | 6 9 10 | 10.1
Spellcasting   | 2 |  2.0
Shields        | 1 5 |  5.8
Stealth        | 7 10 | 10.2
Dodging        | 4 7 11 12 15 17 | 17.3
Armour         | |  2.1

Action                   |  1- 3 |  4- 6 |  7- 9 | 10-12 | 13-15 || total
-------------------------+-------+-------+-------+-------+-------++-------
Melee: Falchion          |   105 |   150 |   257 |   665 |  1241 ||  2418
       Headbutt          |       |       |    31 |   279 |   528 ||   838
       Double sword      |       |       |       |    19 |   163 ||   182
       Kick              |       |       |       |       |   372 ||   372
 Cast: Vampiric Draining |       |       |    61 |   170 |    77 ||   308
       Control Undead    |       |       |       |       |     5 ||     5
 Abil: Heal Wounds       |       |     1 |     4 |    13 |     5 ||    23
Evoke: Wand              |       |     2 |     2 |     9 |    15 ||    28
       Lightning rod     |       |       |     2 |     2 |     4 ||     8
       Phantom mirror    |       |       |       |       |     1 ||     1
  Use: Scroll            |     4 |     1 |     1 |    22 |    12 ||    40
       Potion            |       |     3 |       |     5 |    13 ||    21
 Stab: Sleeping          |     1 |       |     5 |    11 |    55 ||    72
       Paralysed         |       |     1 |     2 |    22 |     5 ||    30
       Petrified         |       |       |     3 |    11 |       ||    14
       Confused          |       |       |     1 |     6 |     9 ||    16
       Petrifying        |       |       |       |     4 |       ||     4
       Distracted        |       |       |       |     3 |    15 ||    18
       Fleeing           |       |       |       |     1 |       ||     1
       Invisible         |       |       |       |       |    19 ||    19
  Eat: Chunk             |     1 |     6 |    25 |    43 |    46 ||   121
       Fruit             |       |     1 |     2 |     4 |     7 ||    14
       Bread ration      |       |       |       |       |     2 ||     2
Armor: Leather armour    |    40 |    30 |    75 |   167 |    77 ||   389
       Skin              |       |     5 |       |       |       ||     5
       Steam dragon scal |       |       |       |       |    31 ||    31
Dodge: Dodged            |    58 |    69 |   121 |   550 |   949 ||  1747
Block: Large shield      |     6 |       |       |       |       ||     6
       Buckler           |       |       |    28 |   122 |   329 ||   479
       Reflection        |       |       |       |       |     8 ||     8
       Rpst.: Falchion   |    18 |    18 |    32 |   115 |   196 ||   379
       Double sword      |       |       |       |     8 |    41 ||    49
